cohdb
Replays
Latest Replays
All Replays
Popular Replays
Top Player Replays
Match Explorer
How It Works
Community
CoH3 Stats
Reddit
Sign in to upload your games and track your stats! →
Sign in with Steam
Match 39823754
Unlisted
Match 39823754
Overview
Messages
Build Orders
End
Construct Infanterie Kompanie
MG 42 Machine Gun Team
MG 42 Machine Gun Team
GrW 34 Mortar Team
Construct Panzergrenadier Kompanie
Panzergrenadier Squad
Medical Station
Panzergrenadier Squad
Pak 40 Anti-tank Gun Team
Selects Mechanized Battlegroup
Selects Spotting Scopes
Selects Wespe Self-propelled Artillery
Wespe Self-propelled Artillery
Pioneer Squad
Pak 40 Anti-tank Gun Team
Construct Panzer Kompanie
Selects Zeroing Artillery Barrage
Panzergrenadier Squad
Erich
Nashorn101
Bilou
n1c
0
0
Comments
sign in to comment!
No comments posted yet!